 Dungeon Crawl Stone Soup version 0.19-a0-1051-gdb7e7f8 (webtiles) character file.

113 Jmtri7 the Covert (level 5, -4/30 HPs)
             Began as a Kobold Assassin on Aug 2, 2016.
             Slain by an orc
             ... wielding a +0 mace
              (7 damage)
             ... on level 3 of the Dungeon.
             The game lasted 00:06:06 (2023 turns).

Jmtri7 the Covert (Kobold Assassin)                 Turns: 2023, Time: 00:06:07

Health: -4/30      AC:  4    Str: 10    XL:     5   Next: 17%
Magic:  5/5        EV: 14    Int:  9    God:
Gold:   61         SH:  0    Dex: 18    Spells: 0 memorised, 4 levels left

rFire  . . .     SeeInvis .     o - +2 dagger (venom)
rCold  . . .     Gourm    .     c - +1 robe
rNeg   . . .     Faith    .     (shield restricted)
rPois  .         Spirit   .     (no helmet)
rElec  .         Dismiss  .     d - +0 cloak
rCorr  .         Reflect  .     (no gloves)
SustAt .         Harm     .     (no boots)
MR     .....                    (no amulet)
Stlth  +++++.....               (no ring)
                                (no ring)

@: not resistant to hostile enchantments, quite stealthy
A: carnivore 3
a: no special abilities


You were on level 3 of the Dungeon.
You were completely stuffed.

You visited 1 branch of the dungeon, and saw 3 of its levels.

You collected 61 gold pieces.

Inventory:

Hand Weapons
 b - a +0 blowgun
 o - a +2 dagger of venom (weapon)
Missiles
 e - 26 poisoned needles
 f - 2 curare-tipped needles
Armour
 c - a +1 robe (worn)
 d - a +0 cloak (worn)
Wands
 w - a wand of polymorph (6/24)
Scrolls
 a - a scroll of magic mapping {unknown}
 h - 2 scrolls of identify
 p - a scroll of teleportation
 u - a scroll of enchant weapon {unknown}
Potions
 i - a potion of agility
 j - a potion of brilliance {unknown}
 k - a potion of curing {unknown}
 n - a potion of invisibility {unknown}
 q - a potion of beneficial mutation {unknown}
 v - a potion of degeneration {unknown}
Comestibles
 g - 5 meat rations
 s - 5 chunks of flesh


   Skills:
 - Level 2.1 Fighting
 - Level 2.6 Short Blades
 - Level 2.1 Throwing
 - Level 1.2 Dodging
 + Level 8.4 Stealth


You had 4 spell levels left.
You didn't know any spells.

Dungeon Overview and Level Annotations

Branches:
Dungeon (3/15)

Altars:
Trog


Innate Abilities, Weirdness & Mutations

You are small and have problems with some larger weapons.
You are carnivorous and can eat meat at any time.


Message History

You hit the orc priest but do no damage.
The orc priest looks as sick as possible!
The orc priest is almost dead.
You hit the orc priest but do no damage.
The orc priest is almost dead.
The orc priest hits you.
* * * LOW HITPOINT WARNING * * *
You hit the orc priest.
The orc priest looks as sick as possible!
The orc priest is almost dead.
You kill the orc priest!
You have reached level 5!
You feel stronger.
You hit the orc but do no damage.
The orc is poisoned.
The orc hits you with a mace.
* * * LOW HITPOINT WARNING * * *
You hit the orc.
The orc looks as sick as possible!
The orc is moderately wounded.
The orc hits you with a mace!
You die...

########
#......#
#.####(# #.#
#.# #.######
#@# #.#
#....... #o#
#.# ########
#.#
#.###########
#.#
#............
#.#
#############
#_# #.# #.#


You could see an orc.

Vanquished Creatures
  An orc priest (D:3)
  2 adders (D:2)
  An ooze (D:2)
  A worm (D:2)
  A dart slug (D:2)
  2 giant geckos
  2 orcs (D:3)
  A ball python (D:2)
  3 giant cockroaches
  4 goblins
  7 hobgoblins
  4 jackals (D:1)
  A quokka (D:3)
  2 bats (D:2)
  4 giant newts
  8 kobolds
  7 rats
  A bush (D:1)
52 creatures vanquished.

Notes
Turn   | Place    | Note
-------+----------+-------------------------------------------
     0 | D:1      | Jmtri7 the Kobold Assassin began the quest for the Orb.
     0 | D:1      | Reached XP level 1. HP: 12/12 MP: 1/1
   221 | D:1      | Reached XP level 2. HP: 17/17 MP: 2/2
   237 | D:1      | Reached skill level 6 in Stealth
   458 | D:1      | Reached XP level 3. HP: 14/21 MP: 3/3
  1232 | D:2      | Reached skill level 7 in Stealth
  1428 | D:2      | Reached XP level 4. HP: 24/26 MP: 4/4
  2002 | D:3      | Reached skill level 8 in Stealth
  2009 | D:3      | Found a bloodstained altar of Trog.
  2021 | D:3      | Reached XP level 5. HP: 6/30 MP: 5/5
  2023 | D:3      | Slain by an orc

Vault maps used:
D:1:      scummos_arrival_checkerplants, serial_forest,
          infiniplex_forest_straight_2, infiniplex_forest_fountain,
          infiniplex_forest_clump_medium, infiniplex_forest_straight_2,
          infiniplex_forest_clump_medium, infiniplex_forest_lined_2,
          infiniplex_forest_straight_5, hangedman_abyss_or_decor_lesser_grid
D:2:      first_bread
D:3:      overflow_temple_1_default

Skill      XL: |  1  2  3  4 |
---------------+-------------+-----
Stealth        | 6 7 8 |  8.4
Fighting       | |  2.1
Short Blades   | |  2.6
Throwing       | |  2.1
Dodging        | |  1.2

Action                   |  1- 3 |  4- 6 || total
-------------------------+-------+-------++-------
Melee: Dagger            |   127 |    42 ||   169
  Use: Scroll            |       |     7 ||     7
 Stab: Sleeping          |    14 |     6 ||    20
  Eat: Chunk             |    10 |     2 ||    12
Armor: Robe              |     9 |     6 ||    15
Dodge: Dodged            |    48 |    20 ||    68
